 Dungeon Crawl Stone Soup version 0.20.1-1-g8b1a95d (webtiles) character file.

15984 RumaTero the Frost Mage (level 12, -6/89 HPs)
             Began as a Merfolk Ice Elementalist on July 15, 2017.
             Was an Elder of Vehumet.
             Mangled by a polar bear (11 damage)
             ... on level 5 of the Lair of Beasts.
             The game lasted 01:12:54 (18778 turns).

RumaTero the Frost Mage (Merfolk Ice Elementalist) Turns: 18778, Time: 01:12:55

Health: -6/89      AC:  9    Str:  9    XL:     12   Next: 32%
Magic:  17/21      EV: 21    Int: 18    God:    Vehumet [****..]
Gold:   588        SH:  3    Dex: 15    Spells: 14/23 levels left

rFire    . . .     SeeInvis .   b - +2 scimitar (flame)
rCold    + . .     Gourm    .   (no shield)
rNeg     + . .     Faith    .   o - +1 robe {rN+}
rPois    .         Spirit   .   (no helmet)
rElec    .         Reflect  +   L - +2 cloak {+Inv}
rCorr    .         Harm     .   v - +1 pair of gloves
MR       .....                  B - +0 pair of boots
Stlth    ++........             p - +3 amulet of reflection
Regen    0.3/turn               F - ring of protection from cold
MPRegen  0.2/turn               i - +3 ring of evasion

@: no status effects
A: change form in water, swift swim, stealthy swim
a: Renounce Religion, Evoke Invisibility


You were on level 5 of the Lair of Beasts.
You worshipped Vehumet.
Vehumet was greatly pleased with you.
You were not hungry.

You visited 3 branches of the dungeon, and saw 16 of its levels.

You collected 791 gold pieces.
You spent 203 gold pieces at shops.

Inventory:

Hand Weapons
 a - a +1 hunting sling
 b - a +2 scimitar of flaming (weapon)
Missiles
 k - 294 stones (quivered)
Armour
 c - a +0 buckler
 o - a +1 robe of positive energy (worn)
 v - a +1 pair of gloves (worn)
 B - a +0 pair of boots (worn)
 L - a +2 cloak of invisibility (worn)
Jewellery
 i - a +3 ring of evasion (right hand)
 p - a +3 amulet of reflection (around neck)
 F - a ring of protection from cold (left hand)
Wands
 l - a wand of disintegration (1/24)
 u - a wand of iceblast (7/15)
 S - a wand of iceblast (7/15)
Scrolls
 e - 7 scrolls of remove curse
 j - 6 scrolls of magic mapping
 t - 2 scrolls of identify
 y - 3 scrolls of enchant weapon
 D - 7 scrolls of teleportation
 E - 2 scrolls of recharging
 G - 2 scrolls of amnesia
 J - 8 scrolls of fog
 N - a scroll of enchant armour
Potions
 d - a potion of cancellation
 f - 2 potions of curing
 g - 2 potions of heal wounds
 h - a potion of mutation
 n - a potion of haste
 q - a potion of magic
 r - a potion of berserk rage {unknown}
 w - 2 potions of degeneration
 x - a potion of resistance {unknown}
 R - a potion of might {unknown}
Books
 M - a book of Frost

   Spells                             Type                      Level
   a - Freeze                         Ice                          1
   b - Throw Frost                    Conjuration/Ice              2
   c - Ozocubu's Armour               Charms/Ice                   3
   d - Throw Icicle                   Conjuration/Ice              4
   e - Summon Ice Beast               Ice/Summoning                4
 P - a book of Misfortune

   Spells                             Type                      Level
   a - Confusing Touch                Hexes                        1
   b - Confuse                        Hexes                        3
   c - Gell's Gravitas                Translocation                3
   d - Petrify                        Transmutation/Earth          4
   e - Metabolic Englaciation         Hexes/Ice                    5
   f - Yara's Violent Unravelling     Hexes/Transmutation          5
Comestibles
 m - 6 royal jellies
 s - 10 fruits
 z - 4 chunks of flesh
 I - a meat ration


   Skills:
 + Level 6.8 Fighting
 + Level 6.6 Long Blades
 + Level 9.4 Dodging
 - Level 2.1 Stealth
 * Level 2.4 Shields
 - Level 6.0 Spellcasting
 - Level 7.1 Conjurations
 - Level 7.0 Summonings
 + Level 11.4 Ice Magic


You had 14 spell levels left.
You knew the following spells:

 Your Spells              Type           Power        Failure   Level  Hunger
a - Freeze                Ice            ####         1%          1    None
b - Throw Icicle          Conj/Ice       #####...     1%          4    ####...
c - Summon Ice Beast      Ice/Summ       #####...     2%          4    ####...


Dungeon Overview and Level Annotations

Branches:
Dungeon (9/15)             Temple (1/1) D:4            Lair (6/6) D:8
  Swamp (0/4) Lair:3       Spider (0/4) Lair:2        Slime (0/5) Lair:5
    Orc: D:9-12

Altars:
Ashenzari
Cheibriados
Dithmenos
Elyvilon
Fedhas
Gozag
Hepliaklqana
Makhleb
Nemelex Xobeh
Okawaru
Qazlal
Ru
Sif Muna
Trog
Uskayaw
Vehumet
Xom
Zin
The Shining One
Jiyva

Shops:
D:5 (   D:7 ?   D:8 %

Annotations:
D:3 Grinder
D:5 exclusions: jelly and ogre
D:6 Gaplan's ghost, novice MiBe
Lair:3 exclusions: 3 soldier ants, worker ant and 15 more exclusions
Lair:5 1 runed door, exclusion: oklob plant
Lair:6 Rupert


Message History

The polar bear claws you but does no damage.
The polar bear closely misses you. The polar bear completely misses you.
The polar bear barely misses you.
Unknown command.
You hit the polar bear. You burn the polar bear.
The polar bear is almost dead.
The polar bear bites you!!
* * * LOW HITPOINT WARNING * * *
The polar bear barely misses you.
The polar bear claws you but does no damage.
Unknown command.
Okay, then.
Okay, then.
Casting: Summon Ice Beast
Confirm with . or Enter, or press ? or * to list all spells.
Aiming: Throw Icicle
Press: ? - help, Shift-Dir - straight line, f - polar bear
Aim: a polar bear (almost dead, berserk, fast, unusually strong)
The shard of ice misses the polar bear.
The polar bear bites you!
You die...

.......................## #.....
.P....................## ##..#.
P.#....................#######.##
##....#....<...........#..#....##
##...##.............#...#........
##...##.............##...........
.....#..............##...........
................h..####..........
................@..#.#...........
........#.........P#.............
.........#.......................
)...###.......#........>.........
.........#....##.................
..............##.................
.....P.##.....#..................
......#####......................
......# ##.##..................


You could see a polar bear (berserk).

Vanquished Creatures
  Harold (Lair:1)
  3 hydras
  A spiny frog (Lair:1)
  A rime drake (Lair:2)
  2 komodo dragons
  A hippogriff (Lair:5)
  A wyvern (Lair:5)
  6 yaks
  6 porcupines
  9 water moccasins
  2 orc warriors
  A sky beast (D:8)
  8 crocodiles
  Blork the orc (D:6)
  12 bullfrogs
  5 scorpions
  A howler monkey (D:7)
  3 crimson imps (D:6)
  5 hounds
  5 orc priests
  2 bullfrog skeletons
  A centaur skeleton (D:4)
  Crazy Yiuf (D:6)
  3 iguanas
  14 worker ants
  8 orc wizards
  A killer bee zombie (D:6)
  A hound skeleton (D:4)
  A worker ant zombie (D:6)
  4 gnolls
  7 adders
  A shadow imp (D:6)
  2 oozes
  An adder zombie (D:4)
  8 leopard geckos
  17 orcs
  3 ball pythons
  4 bats
  8 giant cockroaches
  3 goblins
  3 hobgoblins (D:1)
  4 quokkas
  8 kobolds
  A leopard gecko zombie (D:6)
  A quokka skeleton (D:6)
  9 rats
190 creatures vanquished.

Vanquished Creatures (collateral kills)
  4 hydras
  Erica (D:8)
  A catoblepas (Lair:3)
  A centaur zombie (D:7)
  A black mamba (Lair:2)
  Joseph (D:7)
  5 spiny frogs
  3 komodo dragons
  A raiju (Lair:2)
  4 blink frogs (Lair:3)
  2 hippogriffs
  A dream sheep (Lair:5)
  4 redbacks (Lair:2)
  3 basilisks
  6 yaks
  2 porcupines
  6 water moccasins
  2 orc warriors
  An ogre (D:8)
  A centaur (D:7)
  4 wolves (Lair:5)
  2 crocodiles
  A big kobold (D:8)
  3 bullfrogs
  A gnoll sergeant (D:7)
  3 howler monkeys (D:8)
  A bullfrog zombie (D:9)
  2 hounds
  A worker ant (Lair:3)
  A shadow imp (D:8)
  6 orcs
  A jackal (D:7)
  A kobold (D:8)
  A fungus (Lair:5)
78 creatures vanquished.

Vanquished Creatures (others)
  A jackal (D:7)
  7 fungi
  17 plants
25 creatures vanquished.

Grand Total: 293 creatures vanquished

Notes
Turn   | Place    | Note
-------+----------+-------------------------------------------
     0 | D:1      | RumaTero the Merfolk Ice Elementalist began the quest for the Orb.
     0 | D:1      | Reached XP level 1. HP: 13/13 MP: 3/3
   135 | D:1      | Reached XP level 2. HP: 18/19 MP: 1/5
   633 | D:1      | Reached XP level 3. HP: 17/24 MP: 0/6
   925 | D:2      | Reached skill level 4 in Ice Magic
  1684 | D:3      | Noticed Grinder
  1736 | D:4      | Reached XP level 4. HP: 30/30 MP: 0/7
  1946 | D:4      | Found a staircase to the Ecumenical Temple.
  1952 | Temple   | Entered the Ecumenical Temple
  1958 | Temple   | Became a worshipper of Vehumet
  1964 | Temple   | Learned a level 4 spell: Throw Icicle
  2235 | D:4      | Reached skill level 1 in Conjurations
  2235 | D:4      | Reached XP level 5. HP: 27/35 MP: 5/9
  2249 | D:4      | Reached skill level 5 in Ice Magic
  2376 | D:4      | Noticed an ogre
  3105 | D:3      | Learned a level 4 spell: Summon Ice Beast
  3143 | D:4      | Reached XP level 6. HP: 39/41 MP: 8/10
  3665 | D:5      | Entered Level 5 of the Dungeon
  3713 | D:5      | Found a sacrificial altar of Ru.
  4080 | D:5      | Found Xuosurew's Antique Weapon Boutique.
  4095 | D:5      | Reached XP level 7. HP: 46/46 MP: 7/11
  4188 | D:5      | Reached skill level 6 in Ice Magic
  4573 | D:6      | Noticed Gaplan's ghost (novice MiBe)
  5233 | D:6      | Noticed Blork the orc
  5246 | D:6      | Killed Blork the orc
  5293 | D:6      | Found a shadowy altar of Dithmenos.
  5307 | D:6      | Reached * piety under Vehumet
  5307 | D:6      | Offered knowledge of Flame Tongue by Vehumet.
  5526 | D:6      | Noticed a blink frog
  5526 | D:6      | an ogre changed into a blink frog
  5572 | D:6      | Found a shattered altar of Ashenzari.
  5589 | D:6      | Found a white marble altar of Elyvilon.
  5591 | D:6      | Found a hide-covered altar of Uskayaw.
  5592 | D:6      | Found a blossoming altar of Fedhas.
  5817 | D:7      | Noticed Joseph
  6317 | D:7      | Reached XP level 8. HP: 45/52 MP: 9/13
  6537 | D:7      | Reached skill level 7 in Ice Magic
  6924 | D:6      | Reached skill level 1 in Summonings
  7119 | D:7      | Reached skill level 5 in Conjurations
  7425 | D:8      | Found Yjutuag's Food Emporium.
  7793 | D:8      | Noticed Erica
  7935 | D:8      | Noticed a komodo dragon
  8377 | D:6      | Reached XP level 9. HP: 55/57 MP: 8/15
  8401 | D:6      | Found a runed door.
  8426 | D:6      | Noticed Crazy Yiuf
  8430 | D:6      | Killed Crazy Yiuf
  8708 | D:7      | HP: 2/57 [centaur/arrow (7)]
  8718 | D:7      | Reached skill level 8 in Ice Magic
  8925 | D:7      | Killed Joseph
  9027 | D:7      | Found Gagiur's Magic Scroll Boutique.
  9044 | D:7      | Bought a scroll of fear for 49 gold pieces
  9044 | D:7      | Bought a scroll of identify for 28 gold pieces
  9044 | D:7      | Bought a scroll of identify for 28 gold pieces
  9044 | D:7      | Bought a scroll of teleportation for 42 gold pieces
  9044 | D:7      | Bought a scroll of fog for 28 gold pieces
  9044 | D:7      | Bought a scroll of fog for 28 gold pieces
  9455 | D:8      | Offered knowledge of Shock by Vehumet.
  9503 | D:8      | Reached ** piety under Vehumet
  9674 | D:8      | Reached skill level 5 in Summonings
  9773 | D:8      | Found a staircase to the Lair.
  9823 | D:8      | Killed Erica
 10011 | D:8      | Reached skill level 9 in Ice Magic
 10185 | D:9      | Offered knowledge of Mephitic Cloud by Vehumet.
 10365 | D:9      | Reached XP level 10. HP: 63/63 MP: 13/16
 10602 | Lair:1   | Entered Level 1 of the Lair of Beasts
 10691 | Lair:1   | Noticed a four-headed hydra
 10699 | Lair:1   | Killed a four-headed hydra
 10699 | Lair:1   | Reached skill level 1 in Fighting
 10699 | Lair:1   | Reached skill level 1 in Long Blades
 10699 | Lair:1   | Reached skill level 5 in Dodging
 10929 | Lair:1   | Noticed Harold
 10944 | Lair:1   | Killed Harold
 11132 | Lair:1   | Reached *** piety under Vehumet
 11205 | Lair:1   | Noticed a spiny frog
 11214 | Lair:1   | Killed a spiny frog
 11674 | Lair:1   | Noticed a six-headed hydra
 11689 | Lair:1   | Killed a six-headed hydra
 11851 | Lair:2   | Noticed Sonja
 11852 | Lair:2   | Noticed Sonja
 11852 | Lair:2   | Sonja changed into Sonja the raiju
 12287 | Lair:2   | Noticed a spiny frog
 12295 | Lair:2   | Killed a spiny frog
 12442 | Lair:2   | Noticed a spiny frog
 12442 | Lair:2   | Killed Sonja the raiju
 12442 | Lair:2   | Reached skill level 10 in Ice Magic
 12818 | Lair:2   | Noticed a black mamba
 12829 | Lair:2   | Killed a black mamba
 13018 | Lair:2   | Reached XP level 11. HP: 78/78 MP: 8/17
 13623 | Lair:2   | Offered knowledge of Force Lance by Vehumet.
 13859 | Lair:2   | Found a hole to the Spider Nest.
 14104 | Lair:2   | Reached skill level 5 in Spellcasting
 14114 | Lair:2   | Reached skill level 5 in Fighting
 14443 | Lair:3   | Reached skill level 5 in Long Blades
 14471 | Lair:3   | Noticed a five-headed hydra
 14486 | Lair:3   | Killed a four-headed hydra
 14534 | Lair:3   | Noticed a seven-headed hydra
 14547 | Lair:3   | Killed a seven-headed hydra
 15173 | Lair:3   | Found a staircase to the Swamp.
 15221 | Lair:3   | Identified a scroll of acquirement
 15537 | Lair:3   | Noticed a catoblepas
 15551 | Lair:3   | Killed a catoblepas
 15687 | Lair:4   | Noticed a four-headed hydra
 15694 | Lair:4   | Killed a three-headed hydra
 15858 | Lair:4   | Noticed a seven-headed hydra
 15866 | Lair:4   | Killed a five-headed hydra
 16724 | Lair:4   | Reached **** piety under Vehumet
 16755 | Lair:4   | Reached XP level 12. HP: 73/88 MP: 19/21
 16970 | Lair:4   | Offered knowledge of Lee's Rapid Deconstruction by Vehumet.
 16978 | Lair:4   | Reached skill level 11 in Ice Magic
 17868 | Lair:5   | Reached skill level 1 in Shields
 18229 | Lair:5   | Noticed a seven-headed hydra
 18236 | Lair:5   | Killed a six-headed hydra
 18282 | Lair:5   | Found a runed door.
 18282 | Lair:5   | Found a viscous altar of Jiyva.
 18282 | Lair:5   | Found a staircase to the Slime Pits.
 18282 | Lair:5   | Noticed an acid blob
 18282 | Lair:5   | Noticed an acid blob
 18491 | Lair:6   | Entered Level 6 of the Lair of Beasts
 18580 | Lair:6   | Noticed Rupert
 18777 | Lair:5   | HP: 4/89 [polar bear (24)]
 18778 | Lair:5   | Mangled by a polar bear

Skill      XL: |  1  2  3  4  5  6  7  8  9 10 11 12 |
---------------+-------------------------------------+-----
Dodging        | 3 4 6 8 9 |  9.4
Ice Magic      | 4 5 6 7 9 10 11 | 11.4
Spellcasting   | 3 4 6 |  6.0
Conjurations   | 1 3 4 5 6 7 |  7.1
Summonings     | 3 6 7 |  7.0
Fighting       | 4 6 |  6.8
Long Blades    | 4 6 |  6.6
Shields        | 2 |  2.4
Stealth        | |  2.1

Action                   |  1- 3 |  4- 6 |  7- 9 | 10-12 || total
-------------------------+-------+-------+-------+-------++-------
Melee: Unarmed           |    11 |       |       |       ||    11
       Scimitar          |       |       |    26 |   304 ||   330
 Fire: Hunting sling     |    20 |    91 |   195 |     3 ||   309
 Cast: Freeze            |    44 |    52 |   122 |       ||   218
       Throw Icicle      |       |       |    27 |    27 ||    54
       Summon Ice Beast  |       |       |    23 |   121 ||   144
Evoke: Wand              |       |       |    10 |     1 ||    11
  Use: Scroll            |       |     8 |     5 |    15 ||    28
       Potion            |       |       |     5 |     1 ||     6
 Stab: Distracted        |       |       |     1 |     6 ||     7
       Sleeping          |       |       |       |     3 ||     3
       Petrified         |       |       |       |     1 ||     1
  Eat: Chunk             |     2 |     4 |    21 |    19 ||    46
       Bread ration      |       |     1 |     1 |     6 ||     8
       Meat ration       |       |       |     1 |       ||     1
       Fruit             |       |       |       |     3 ||     3
       Royal jelly       |       |       |       |     2 ||     2
Armor: Robe              |     9 |    11 |    44 |    70 ||   134
Dodge: Dodged            |    29 |    53 |   132 |   326 ||   540
Block: Other             |       |       |    27 |    42 ||    69
       Reflection        |       |       |       |     2 ||     2
       Rpst.: Scimitar   |       |       |     3 |    99 ||   102
